Map: Industries Beckett EC

Players

Dweilh

  • Race: Protoss Protoss
  • League: Gold

Splitter - Winner!

  • Race: Terran Terran
  • League: Gold

VOD

Have the link to the VOD?

Description

Time

  • Played on: May 20, 2021, 5:40 p.m.
  • Length: 9:29
Show
View Real Time Build Order
Export as new Build Order

Dweilh Protoss 

Build Orders: Double Forge 

Get SALT Encoding   

  12  0:00  Probe  
  13  0:12  Probe  
  14  0:24  Probe  
  15  0:32  Pylon  
  15  0:50  Probe  
  15  0:51  Forge  
  15  0:54  Forge  
  16  0:57  Gateway  
  16  1:05  Probe  
  17  1:11  Gateway  
  17  1:25  Pylon  
  17  1:54  Pylon  
  17  2:07  Zealot x2 (Chrono Boost)  
  20  2:46  Zealot (Chrono Boost)  
  22  2:53  Photon Cannon  
  22  2:54  Zealot (Chrono Boost)  
  22  3:09  Zealot  
  24  3:14  Zealot  
  26  3:23  Gateway  
  26  3:28  Gateway  
  26  3:36  Zealot  
  26  3:40  Photon Cannon  
  28  3:41  Photon Cannon  
  28  3:43  Photon Cannon  
  26  3:58  Zealot  
  24  4:06  Zealot  
  22  4:23  Photon Cannon  
  22  4:24  Photon Cannon  
  22  4:25  Zealot  
  22  4:26  Zealot, Photon Cannon  
  26  4:33  Zealot  
  24  4:54  Pylon  
  24  4:56  Zealot x3  
  30  5:14  Photon Cannon  
  30  5:16  Photon Cannon  
  28  5:28  Photon Cannon  
  20  5:49  Zealot x3 (Chrono Boost)  
  24  5:57  Zealot (Chrono Boost)  
  24  6:07  Zealot (Chrono Boost)  
  23  6:29  Zealot x3  
  21  6:55  Zealot  
  21  6:56  Zealot  
  23  7:20  Zealot x2  
  27  7:42  Cybernetics Core  
  25  7:48  Zealot (Chrono Boost)  
  25  7:49  Zealot (Chrono Boost)  
  27  7:54  Zealot (Chrono Boost)  
  27  7:55  Zealot (Chrono Boost)  
  25  8:12  Zealot (Chrono Boost)  
  27  8:16  Zealot (Chrono Boost)  
  29  8:22  Shield Battery  
  29  8:37  Assimilator  
  29  8:39  Assimilator  
  14  9:15  Nexus  
Show
View Real Time Build Order
Export as new Build Order

Splitter Terran - Winner!

Build Orders:  

Get SALT Encoding   

  12  0:00  SCV  
  13  0:17  Supply Depot  
  13  0:19  SCV  
  14  0:31  SCV  
  14  0:34  Refinery  
  15  0:43  SCV  
  15  0:46  Barracks  
  16  0:55  SCV  
  17  1:08  SCV  
  18  1:20  SCV  
  19  1:32  SCV  
  20  1:35  Marine  
  20  1:36  Refinery  
  21  1:42  Bunker  
  21  1:43  Supply Depot  
  21  1:49  Orbital Command  
  21  1:54  Marine  
  22  2:12  Marine, Factory  
  23  2:30  Marine  
  23  2:47  Marine  
  24  2:57  Factory Tech Lab, Bunker  
  24  3:01  SCV  
  25  3:17  Starport  
  25  3:26  Cyclone  
  28  3:31  SCV  
  29  3:38  Barracks Reactor  
  27  4:15  Supply Depot  
  23  4:26  Starport Tech Lab  
  23  4:29  Supply Depot  
  23  4:30  Marine, Supply Depot  
  23  4:32  Marine  
  23  4:44  Bunker  
  23  4:51  Marine  
  23  4:52  Cyclone  
  27  4:56  Supply Depot  
  27  5:01  Marine  
  27  5:52  Supply Depot  
  27  6:08  Cyclone  
  24  6:37  SCV  
  23  6:49  SCV  
  24  6:54  Siege Tank  
  24  6:56  Liberator  
  30  7:01  SCV  
  31  7:14  SCV  
  32  7:16  Supply Depot  
  32  7:25  Supply Depot  
  32  7:26  SCV  
  33  7:31  Supply Depot  
  33  7:38  SCV  
  33  7:55  Raven  
  33  7:56  Siege Tank  
  38  8:12  Barracks  
  38  8:14  Engineering Bay  
  38  8:50  Widow Mine  
  40  9:12  Barracks Tech Lab  
  40  9:19  Barracks  
Tags
 
Add a new tag
Caveats
  • Supply blocks, unpowered buildings, or Contaminate may cause inaccurate times.
  • Supply counts are checked every 10 seconds.